 Dungeon Crawl Stone Soup version 0.21.1 (webtiles) character file.

88 letownia2 the Conjurer (level 4, 24/24 HPs)
             Began as a Gargoyle Wizard on Feb 3, 2018.
             Quit the game on level 3 of the Dungeon.
             The game lasted 00:03:39 (1493 turns).

letownia2 the Conjurer (Gargoyle Wizard)            Turns: 1493, Time: 00:03:40

Health: 24/24      AC:  7    Str: 10    XL:     4   Next: 53%
Magic:  8/8        EV: 12    Int: 20    God:
Gold:   31         SH:  0    Dex:  8    Spells: 0/9 levels left

rFire    . . .     SeeInvis .   f - +0 dagger
rCold    . . .     Gourm    .   (no shield)
rNeg     + . .     Faith    .   a - +0 robe
rPois    ∞         Spirit   .   b - +0 hat
rElec    +         Reflect  .   l - +1 cloak
rCorr    .         Harm     .   (no gloves)
MR       .....                  (no boots)
Stlth    ++........             (no amulet)
HPRegen  0.08/turn              (no ring)
MPRegen  0.11/turn              (no ring)

@: no status effects
A: negative energy resistance 1, electricity resistance, unbreathing,
petrification resistance, rot immunity, AC +3
a: no special abilities


You were on level 3 of the Dungeon.
You were not hungry.

You visited 1 branch of the dungeon, and saw 3 of its levels.

You collected 31 gold pieces.

Inventory:

Hand Weapons
 f - a +0 dagger (weapon)
Armour
 a - a +0 robe (worn)
 b - a +0 hat (worn)
 l - a +1 cloak (worn)
 m - a +0 scale mail
 q - a +0 ring mail
Scrolls
 e - 3 scrolls of teleportation {unknown}
 g - a scroll of blinking {unknown}
 i - 2 scrolls of identify {unknown}
 n - a scroll of immolation {unknown}
 p - a scroll of magic mapping {unknown}
Potions
 h - a potion of heal wounds {unknown}
 j - 2 potions of curing {unknown}
 o - a potion of flight {unknown}
Books
 c - a book of Minor Magic

   Spells                             Type                      Level
   a - Magic Dart                     Conjuration                  1
   b - Blink                          Translocation                2
   c - Call Imp                       Summoning                    2
   d - Slow                           Hexes                        2
   e - Conjure Flame                  Conjuration/Fire             3
   f - Mephitic Cloud                 Conjuration/Poison/Air       3
Comestibles
 d - 3 rations
 k - 3 chunks of flesh


   Skills:
 - Level 1.5 Dodging
 - Level 2.1 Stealth
 - Level 3.0 Spellcasting
 - Level 3.3 Conjurations
   Level 0.8 Summonings
 + Level 1.0 Translocations
 + Level 1.3 Fire Magic
 + Level 1.0 Air Magic
 + Level 1.2 Poison Magic


You couldn't memorise any spells.
You knew the following spells:

 Your Spells              Type           Power        Failure   Level  Hunger
a - Magic Dart            Conj           ###.         3%          1    None
b - Blink                 Tloc           N/A          14%         2    ##.....
c - Conjure Flame         Conj/Fire      ##......     16%         3    ###....
e - Mephitic Cloud        Conj/Pois/Air  ##......     21%         3    ###....


Dungeon Overview and Level Annotations

Branches:
Dungeon (3/15)

Altars:
Fedhas

Annotations:
D:3 1 exclusion


Innate Abilities, Weirdness & Mutations

You are resistant to torment.
Your stone body is resilient. (AC +3)
You are immune to poison.
You resist negative energy. (rN+)
You are resistant to electric shocks. (rElec)
You can survive without breathing.
You are immune to petrification.
You are immune to rotting.


Message History

You closely miss the giant cockroach.
The giant cockroach is moderately wounded.
The giant cockroach bites you but does no damage.
You hit the giant cockroach but do no damage.
The giant cockroach is moderately wounded.
The giant cockroach bites you but does no damage.
You hit the giant cockroach but do no damage.
The giant cockroach is moderately wounded.
The giant cockroach bites you but does no damage.
You closely miss the giant cockroach.
The giant cockroach is moderately wounded.
The giant cockroach bites you but does no damage. x2
You hit the giant cockroach but do no damage.
The giant cockroach is moderately wounded.
The giant cockroach bites you but does no damage.
You aren't carrying any pieces of jewellery.
Unknown command.
Wear which item? (? for menu, Esc to quit)
Okay, then.
Are you sure you want to abandon this character and quit the game? (Confirm with "yes".)

#.......# # #.......# #
#.......# # #.......# #
#.......# ###.......## ####
..†......(.####### ##?...
###.......<.)..(.##...#####
######..########@s..#
#...## ........#
#...(..###.....# ......#.#
#.####.##.......
......#.##### #..#.......
............. ##.).......
.....<.....# ###....(.#
.....).##..# .......
...#.### ....... .....#
.......


You could see a giant cockroach.

Vanquished Creatures
  A gnoll (D:2)
  4 adders
  An ooze (D:3)
  A worm (D:2)
  A dart slug (D:2)
  3 orcs (D:3)
  A giant cockroach (D:3)
  2 goblins (D:3)
  7 hobgoblins
  4 kobolds
  2 bats (D:3)
  2 frilled lizards
  3 rats
32 creatures vanquished.

Notes
Turn   | Place    | Note
-------+----------+-------------------------------------------
     0 | D:1      | letownia2 the Gargoyle Wizard began the quest for the Orb.
     0 | D:1      | Reached XP level 1. HP: 10/10 MP: 4/4
   515 | D:1      | Reached XP level 2. HP: 8/15 MP: 0/6
   825 | D:2      | Reached XP level 3. HP: 19/19 MP: 0/7
   830 | D:2      | Learned a level 3 spell: Mephitic Cloud
   834 | D:2      | Learned a level 3 spell: Conjure Flame
  1121 | D:3      | Reached XP level 4. HP: 24/24 MP: 5/8
  1155 | D:3      | Reached skill level 1 in Fire Magic
  1166 | D:3      | Reached skill level 1 in Poison Magic
  1214 | D:3      | Learned a level 2 spell: Blink
  1287 | D:3      | Reached skill level 1 in Air Magic
  1331 | D:3      | Found a blossoming altar of Fedhas.
  1404 | D:3      | Reached skill level 1 in Translocations
  1493 | D:3      | Quit the game

Skill      XL: |  1  2  3  4 |
---------------+-------------+-----
Conjurations   | 2 3 |  3.3
Fire Magic     | 1 |  1.3
Poison Magic   | 1 |  1.2
Air Magic      | 1 |  1.0
Translocations | 1 |  1.0
Dodging        | |  1.5
Stealth        | |  2.1
Spellcasting   | |  3.0
Summonings     | |  0.8

Action                   |  1- 3 |  4- 6 || total
-------------------------+-------+-------++-------
Melee: Dagger            |    26 |    11 ||    37
 Cast: Magic Dart        |    49 |    30 ||    79
       Mephitic Cloud    |     1 |       ||     1
 Stab: Confused          |     2 |       ||     2
  Eat: Chunk             |     1 |     1 ||     2
Armor: Robe              |     3 |    11 ||    14
Dodge: Dodged            |    19 |     6 ||    25
